 Dungeon Crawl Stone Soup version 0.28-a0-1184-g53156a8862 (webtiles) character file.

Game seed: 2769882593801801002

27 bearlyready the Stinger (level 2, -1/20 HPs)
             Began as a Draconian Venom Mage on Dec 17, 2021.
             Frozen to death by an endoplasm (3 damage)
             ... on level 1 of the Dungeon.
             The game lasted 00:01:04 (1090 turns).

bearlyready the Stinger (Draconian Venom Mage)      Turns: 1090, Time: 00:01:04

Health: -1/20      AC:  4    Str: 10    XL:     2   Next: 93%
Magic:  5/5        EV: 12    Int: 15    God:
Gold:   45         SH:  0    Dex: 11    Spells: 4/5 levels left

rFire   . . .      SeeInvis .   d - +0 dagger (elec)
rCold   . . .      Faith    .   (no shield)
rNeg    . . .      Spirit   .   (armour unavailable)
rPois   .          Reflect  .   (helmet restricted)
rElec   .          Harm     .   (no cloak)
rCorr   .          Rampage  .   (no gloves)
Will    .....                   (no boots)
Stlth   ++........              (no amulet)
HPRegen 0.06/turn               (no ring)
MPRegen 0.09/turn               (no ring)

@: slowed, very slow
A: AC +4, unfitting armour, cold-blooded
a: no special abilities


You were on level 1 of the Dungeon.
You visited 1 branch of the dungeon, and saw 1 of its levels.

You collected 45 gold pieces.

Inventory:

Hand Weapons
 b - a +0 dagger
 d - a +0 dagger of electrocution (weapon)
Jewellery
 f - an amulet of magic regeneration
 g - a ring of positive energy
Scrolls
 a - 2 scrolls of identify {unknown}
 e - a scroll of blinking {unknown}
 h - a scroll of fear {unknown}
Potions
 c - a potion of resistance {unknown}


   Skills:
 - Level 0.1 Fighting
 + Level 0.8 Short Blades
 - Level 1.7 Dodging
 - Level 1.7 Stealth
 - Level 2.0 Spellcasting
 + Level 2.0 Transmutations
 + Level 3.5 Poison Magic


You had 4 spell levels left.
You knew the following spells:

 Your Spells              Type           Power      Damage    Failure   Level
a - Sting                 Tmut/Pois      36%        1d4       7%          1

Your spell library contained the following spells:

 Spells                   Type           Power      Damage    Failure   Level
 Poisonous Vapours        Pois/Air       12%        N/A       16%         2
 Mephitic Cloud           Conj/Pois/Air  5%         N/A       38%         3
 Olgreb's Toxic Radiance  Pois           12%        N/A       45%         4


Dungeon Overview and Level Annotations

Branches:
Dungeon (1/15)

Altars:


Innate Abilities, Weirdness & Mutations

Your plain brown scales are hard. (AC +4)
You cannot fit into any form of body armour.
You are cold-blooded and may be slowed by cold attacks.


Message History

The endoplasm barely misses you.
The endoplasm hits you but does no damage.
The giant cockroach barely misses you.
You are too injured to fight recklessly!
You hit the endoplasm but do no damage.
The endoplasm is heavily wounded.
The giant cockroach misses you. The endoplasm freezes you.
You are frozen.
You feel as though you will be slow longer.
The giant cockroach closely misses you.
You are too injured to fight recklessly!
You hit the endoplasm but do no damage.
The endoplasm is heavily wounded.
The endoplasm closely misses you. The giant cockroach closely misses you.
The endoplasm freezes you.
You are frozen.
You feel as though you will be slow longer.
You hit the endoplasm but do no damage.
The endoplasm is heavily wounded.
The giant cockroach bites you but does no damage.
The endoplasm barely misses you.
The giant cockroach completely misses you.
You hit the endoplasm.
The endoplasm is severely wounded.
The giant cockroach bites you.
* * * LOW HITPOINT WARNING * * *
The endoplasm freezes you.
You are frozen.
* * * LOW HITPOINT WARNING * * *
You feel as though you will be slow longer.
The giant cockroach barely misses you. The endoplasm freezes you.
You are frozen.
* * * LOW HITPOINT WARNING * * *
The giant cockroach waves its antennae.
The giant cockroach bites you but does no damage.
The endoplasm freezes you.
You are frozen.
You die...

#.# ##.#######
#........#
#####..#####.#
..........##.########
###......#.).......#
##.†.#.......###.#
#..####..##.# #.#
#.@# #..##.###.#
#BJ####......†..#
#†.......##.#####
#.).#######.# #.....#
#.. #.......# ##.#
#.....!...# .. ###
+.........+ ... ...
#........?# ..# ###


You could see an endoplasm and a giant cockroach.

Vanquished Creatures
  A dart slug (D:1)
  5 endoplasms (D:1)
  5 goblins (D:1)
  A hobgoblin (D:1)
  2 ball pythons (D:1)
  4 bats (D:1)
  A frilled lizard (D:1)
  2 kobolds (D:1)
  2 rats (D:1)
23 creatures vanquished.

Notes
Turn   | Place    | Note
-------+----------+-------------------------------------------
     0 | D:1      | bearlyready the Draconian Venom Mage began the quest for
                  | the Orb.
     0 | D:1      | Reached XP level 1. HP: 14/14 MP: 3/3
   529 | D:1      | Reached XP level 2. HP: 17/20 MP: 0/5
  1090 | D:1      | Frozen to death by an endoplasm

Illustrated notes

Levels and vault maps discovered:
D:1:      saegor_arrival_simple_c, layout_loops_corners

Skill      XL: |  1  2 |
---------------+-------+-----
Transmutations | 2 |  2.0
Fighting       | |  0.1
Short Blades   | |  0.8
Dodging        | |  1.7
Stealth        | |  1.7
Spellcasting   | |  2.0
Poison Magic   | |  3.5

Action                   || total
-------------------------++-------
Melee: Dagger            ||    63
       Tailslap          ||     4
 Cast: Sting             ||     5
 Stab: Sleeping          ||     3
Armor: Skin              ||    20
Dodge: Dodged            ||    50

Table legend: (Time is in decaauts)
 A = Elapsed time spent in this place.
 B = Non-inter-level travel time spent in this place.
 C = Inter-level travel time spent in this place.
 D = Time resting spent in this place.
 E = Time spent auto-exploring this place.
 F = Levels seen in this place.
 G = Mean time per level.
                   A        B        C        D        E       F      G
               +--------+--------+--------+--------+--------+-----+--------+
         Total |   1092 |   1092 |      0 |      0 |    898 |   1 | 1092.0 |
       Dungeon |   1092 |   1092 |      0 |      0 |    898 |   1 | 1092.0 |
               +--------+--------+--------+--------+--------+-----+--------+

Top non-repeatable levels by time:
     D:1: 1092 daAuts
